 Dungeon Crawl Stone Soup version 0.29-a0-214-g17f627cfee (webtiles) character file.

Game seed: 17810691077904615585

96 Crownlay the Bolt Thrower (level 4, -2/40 HPs)
             Began as a Minotaur Hunter on Feb 24, 2022.
             Slain by an orc
             ... wielding a +0 whip
              (4 damage)
             ... on level 3 of the Dungeon.
             The game lasted 00:02:07 (1763 turns).

Crownlay the Bolt Thrower (Minotaur Hunter)         Turns: 1763, Time: 00:02:07

Health: -2/40      AC:  4    Str: 18    XL:     4   Next: 41%
Magic:  3/3        EV: 11    Int:  8    God:
Gold:   119        SH:  0    Dex: 11    Spells: 3/3 levels left

rFire   . . .      SeeInvis .   a - +1 hand crossbow
rCold   + . .      Faith    .   (no shield)
rNeg    . . .      Spirit   .   b - +0 leather armour
rPois   .          Reflect  .   (helmet restricted)
rElec   .          Harm     .   c - +0 cloak
rCorr   .          Rampage  .   (no gloves)
Will    .....                   (no boots)
Stlth   +.........              h - amulet of the acrobat
HPRegen 0.13/turn               q - ring of protection from cold
MPRegen 0.08/turn               (no ring)

@: no status effects
A: horns 2, retaliatory headbutt
a: no special abilities


You were on level 3 of the Dungeon.
You visited 1 branch of the dungeon, and saw 3 of its levels.

You collected 119 gold pieces.

Inventory:

Hand Weapons
 a - a +1 hand crossbow (weapon)
Missiles
 d - 4 curare-tipped darts (quivered)
Armour
 b - a +0 leather armour (worn)
 c - a +0 cloak (worn)
 o - a +0 plate armour
Jewellery
 h - an amulet of the acrobat (around neck)
 q - a ring of protection from cold (left hand)
Scrolls
 e - a scroll of teleportation {unknown}
 f - a scroll of fog {unknown}
 g - a scroll of holy word {unknown}
 j - 2 scrolls of identify {unknown}
 k - a scroll of noise {unknown}
 m - a scroll of amnesia {unknown}
 n - a scroll of vulnerability {unknown}
Potions
 i - a potion of attraction {unknown}
 l - a potion of magic {unknown}
 p - a potion of curing {unknown}


   Skills:
 + Level 3.7 Fighting
 * Level 5.8 Crossbows
 + Level 0.4 Armour
 - Level 2.1 Dodging
 - Level 0.7 Stealth


You had 3 spell levels left.
You didn't know any spells.
Your spell library was empty.

Dungeon Overview and Level Annotations

Branches:
Dungeon (3/15)

Altars:

Annotations:
D:2 1 runed translucent door, Crazy Yiuf


Innate Abilities, Weirdness & Mutations

You have a pair of horns on your head.
You reflexively headbutt those who attack you in melee.


Message History

* * * LOW HITPOINT WARNING * * *
Something hits you.
* * * LOW HITPOINT WARNING * * *
You shoot a bolt.
You feel less confused. The orc closely misses you.
You hear some strange, mumbled words.
A puff of flame appears from out of thin air!
The puff of flame misses you. The orc closely misses you.
Shoot: a) +1 hand crossbow
Press: ? - help, Shift-Dir - straight line, f/p - orc
Aim: an orc, wielding a +0 whip and wearing a +0 crystal plate armour (heavily wounded, 72% to hit)
You shoot a bolt.
The bolt hits the orc but does no damage.
The orc is heavily wounded.
An orc wizard appears from thin air!
Reactivating autopickup.
The orc wizard gestures wildly while chanting.
The orc wizard flickers and vanishes!
Deactivating autopickup; reactivate with Ctrl-A.
The orc closely misses you.
Shoot: a) +1 hand crossbow
Press: ? - help, Shift-Dir - straight line, f/p - orc
Aim: an orc, wielding a +0 whip and wearing a +0 crystal plate armour (heavily wounded, 72% to hit)
You shoot a bolt. The bolt barely misses the orc.
Something barely misses you. The orc closely misses you.
Shoot: a) +1 hand crossbow
Press: ? - help, Shift-Dir - straight line, f/p - orc
Aim: an orc, wielding a +0 whip and wearing a +0 crystal plate armour (heavily wounded, 72% to hit)
You shoot a bolt. The bolt completely misses the orc.
Something barely misses you. The orc hits you with a +0 whip.
* * * LOW HITPOINT WARNING * * *
Shoot: a) +1 hand crossbow
Press: ? - help, Shift-Dir - straight line, f/p - orc
Aim: an orc, wielding a +0 whip and wearing a +0 crystal plate armour (heavily wounded, 72% to hit)
You shoot a bolt.
The bolt hits the orc but does no damage.
The orc is heavily wounded.
Something completely misses you. The orc hits you with a +0 whip.
You die...

#P.####.#
##...##
#P.....)#
#.....#
#.♣PP...#
##...## P..♣P..#
##.## #..P...##
.. #...♣♣..##
##. ##.. ♣P..##
# ..
##.♣P♣...#.## .#
......P.@{..#
.####..o#)#.....
>.......)..#)##
#######.#### #
.# .. ..


You could see an orc.

Vanquished Creatures
  A jelly (D:2)
  An adder (D:3)
  A worm (D:2)
  A dart slug (D:3)
  2 orcs (D:3)
  4 bats
  An endoplasm (D:1)
  2 giant cockroaches
  4 goblins
  4 hobgoblins
  6 jackals
  2 quokkas (D:1)
  6 ball pythons
  3 frilled lizards (D:1)
  8 kobolds
  3 rats
49 creatures vanquished.

Vanquished Creatures (others)
  4 plants (D:3)
4 creatures vanquished.

Grand Total: 53 creatures vanquished

Notes
Turn   | Place    | Note
-------+----------+-------------------------------------------
     0 | D:1      | Crownlay the Minotaur Hunter began the quest for the Orb.
     0 | D:1      | Reached XP level 1. HP: 18/18 MP: 0/0
   160 | D:1      | Reached XP level 2. HP: 19/25 MP: 1/1
   372 | D:1      | Reached skill level 5 in Crossbows
   930 | D:2      | Reached XP level 3. HP: 31/31 MP: 2/2
  1128 | D:2      | Found a runed translucent door.
  1129 | D:2      | Noticed Crazy Yiuf
  1270 | D:2      | Reached XP level 4. HP: 38/39 MP: 3/3
  1762 | D:3      | HP: 2/40 [orc/+0 whip (4)]
  1763 | D:3      | Slain by an orc

Illustrated notes

Levels and vault maps discovered:
D:1:      moated_graveyard_arrival, layout_basic
D:2:      layout_basic, uniq_crazy_yiuf_cottage
D:3:      layout_loops_ring, gammafunk_ghost_smash, serial_forest,
          infiniplex_forest_clump_curved, infiniplex_forest_clump_diagonal,
          infiniplex_forest_straight_3, infiniplex_forest_clump_double,
          infiniplex_forest_clump_long, infiniplex_forest_clump_diagonal,
          nicolae_figureground_sparkle

Skill      XL: |  1  2 |
---------------+-------+-----
Fighting       | 3 |  3.7
Crossbows      | 5 |  5.8
Armour         | |  0.4
Dodging        | |  2.1
Stealth        | |  0.7

Action                   |  1- 3 |  4- 6 || total
-------------------------+-------+-------++-------
 Fire: Hand crossbow     |    75 |    50 ||   125
Armor: Leather armour    |    12 |    15 ||    27
Dodge: Dodged            |    20 |    23 ||    43

Table legend: (Time is in decaauts)
 A = Elapsed time spent in this place.
 B = Non-inter-level travel time spent in this place.
 C = Inter-level travel time spent in this place.
 D = Time resting spent in this place.
 E = Time spent auto-exploring this place.
 F = Levels seen in this place.
 G = Mean time per level.
                   A        B        C        D        E       F      G
               +--------+--------+--------+--------+--------+-----+--------+
         Total |   1795 |   1744 |     51 |      0 |   1469 |   3 |  598.3 |
       Dungeon |   1795 |   1744 |     51 |      0 |   1469 |   3 |  598.3 |
               +--------+--------+--------+--------+--------+-----+--------+

Top non-repeatable levels by time:
     D:1: 879 daAuts
     D:2: 658 daAuts
     D:3: 256 daAuts
